 Dungeon Crawl Stone Soup version 0.23-a0-756-g517b432 (webtiles) character file.

153 Coldstonesans the Caller (level 5, -1/21 HPs)
             Began as a Felid Summoner on Jan 18, 2019.
             Slain by a crimson imp (4 damage)
             ... on level 5 of the Dungeon on Jan 19, 2019.
             The game lasted 00:14:29 (5581 turns).

Coldstonesans the Caller (Felid Summoner)           Turns: 5581, Time: 00:14:29

Health: -1/21      AC:  1    Str:  4    XL:     5   Next: 12%
Magic:  2/10       EV: 19    Int: 18    God:
Gold:   51         SH:  0    Dex: 16    Spells: 3/9 levels left
                                        Lives:  0   Deaths: 1

rFire    . . .     SeeInvis +   (weapon unavailable)
rCold    . . .     Gourm    .   (shield unavailable)
rNeg     . . .     Faith    .   (armour unavailable)
rPois    .         Spirit   .   (helmet unavailable)
rElec    .         Reflect  .   (cloak unavailable)
rCorr    .         Harm     .   (gloves unavailable)
MR       .....                  (boots unavailable)
Stlth    ++........             (no amulet)
HPRegen  0.07/turn              d - ring of attention (curse)
MPRegen  0.12/turn              g - +2 ring of slaying

@: quick
A: very small, no armour, no weapons or thrown items, stealth, claws 1, fangs 3,
see invisible, carnivore, speed 1, shaggy fur 1, slow metabolism 1, sharp paws
a: no special abilities


You were on level 5 of the Dungeon.
You were not hungry.

You visited 2 branches of the dungeon, and saw 6 of its levels.

You collected 205 gold pieces.
You spent 154 gold pieces at shops.

Inventory:

Jewellery
 d - a cursed ring of attention (left paw)
 g - a +2 ring of slaying (right paw)
 k - an uncursed ring of protection from magic
Wands
 m - a wand of paralysis (3)
Scrolls
 a - 5 scrolls of identify
 c - 6 scrolls of teleportation
 h - a scroll of noise {unknown}
 j - a scroll of blinking
 l - a scroll of fog {unknown}
Potions
 e - 2 potions of cancellation
 f - a potion of curing
 i - 2 potions of lignification
 n - a potion of flight {unknown}
 o - a potion of haste {unknown}
 p - a potion of invisibility
Comestibles
 b - 5 rations


   Skills:
 + Level 4.1 Dodging
 * Level 5.3 Stealth
 + Level 2.8 Spellcasting
 * Level 5.4 Summonings


You had 3 spell levels left.
You knew the following spells:

 Your Spells              Type           Power        Failure   Level  Hunger
a - Summon Small Mammal   Summ           ###.         1%          1    None
b - Call Imp              Summ           ###.....     2%          2    ##.....
c - Call Canine Familiar  Summ           ###.....     5%          3    ###....

Your spell library contained the following spells:

 Spells                   Type           Power        Failure   Level  Hunger
 Summon Guardian Golem    Hex/Summ       ##......     16%         3    ###....
 Summon Ice Beast         Ice/Summ       ##......     47%         4    ####...
 Summon Lightning Spire   Summ/Air       ##......     47%         4    ####...


Dungeon Overview and Level Annotations

Branches:
Dungeon (5/15)             Temple (1/1) D:4

Altars:
Ashenzari
Cheibriados
Dithmenos
Elyvilon
Gozag
Kikubaaqudgha
Makhleb
Okawaru
Qazlal
Sif Muna
Trog
Uskayaw
Vehumet
Wu Jian
Yredelemnul
Zin
The Shining One

Shops:
D:5 !

Annotations:
D:4 Eustachio


Innate Abilities, Weirdness & Mutations

You cannot wear armour.
You are incapable of wielding weapons or throwing items.
Your paws allow you to move quietly. (Stealth)
You have sharp claws.
You have razor-sharp teeth.
You have supernaturally acute eyesight. (SInv)
You are carnivorous and can eat meat at any time.
You cover ground quickly.
You are covered in fur. (AC +1)
You have a slow metabolism.
Your sharp claws are effective at attacking unaware monsters.


Message History

Your crimson imp barely misses the crimson imp.
Your crimson imp misses the crimson imp.
The crimson imp closely misses your crimson imp.
Your crimson imp hits the crimson imp but does no damage.
Your crimson imp blinks!
You scratch the crimson imp.
The crimson imp is lightly wounded.
Your crimson imp closely misses the crimson imp.
The crimson imp hits you.
* * * LOW HITPOINT WARNING * * *
Your crimson imp blinks!
Your crimson imp barely misses the crimson imp. x2
Your crimson imp blinks!
Your crimson imp closely misses the crimson imp.
The crimson imp hits you.
* * * LOW HITPOINT WARNING * * *
Your crimson imp closely misses the crimson imp.
Your crimson imp hits the crimson imp but does no damage.
The crimson imp hits you.
You die...

#..# .#
##.# .#
#.## .#
#..####.#
##......#
#......#
#......#
#..5...#
#.@55..#
#....ยง.#
#..5...#
#......#
#........
#.........
#.?.......
#......###


You could see a crimson imp and 3 friendly crimson imps.

Vanquished Creatures
  A crimson imp (D:4)
  3 adders
  A dart slug (D:2)
  3 leopard geckos (D:1)
  5 bats
  2 giant cockroaches
  8 goblins
  2 hobgoblins
  3 frilled lizards
  A jackal skeleton (D:4)
  2 kobolds (D:1)
  A quokka skeleton (D:4)
32 creatures vanquished.

Vanquished Creatures (collateral kills)
  A sky beast (D:5)
  A hound (D:2)
  Jessica (D:2)
  Ijyb (D:4)
  2 worker ants (D:4)
  Robin (D:2)
  A shadow imp (D:5)
  An adder skeleton (D:4)
  A dart slug (D:1)
  A leopard gecko (D:2)
  An orc (D:5)
  A ball python (D:2)
  2 bats (D:1)
  3 giant cockroaches (D:2)
  10 goblins
  9 hobgoblins
  4 jackals (D:3)
  5 kobolds
  A quokka (D:2)
  A frilled lizard (D:3)
  3 rats (D:1)
51 creatures vanquished.

Grand Total: 83 creatures vanquished

Notes
Turn   | Place    | Note
-------+----------+-------------------------------------------
     0 | D:1      | Coldstonesans the Felid Summoner began the quest for the
                  | Orb.
     0 | D:1      | Reached XP level 1. HP: 7/7 MP: 4/4
   565 | D:1      | Reached XP level 2. HP: 11/11 MP: 4/6
   569 | D:1      | Learned a level 2 spell: Call Imp
  1767 | D:1      | Reached XP level 3. HP: 10/14 MP: 3/7
  1961 | D:2      | Noticed Robin
  2003 | D:2      | Killed Robin
  2587 | D:2      | Noticed Jessica
  2601 | D:2      | Killed Jessica
  2601 | D:2      | Reached XP level 4. HP: 4/18 MP: 4/8
  2872 | D:2      | Found a burning altar of Makhleb.
  3423 | D:3      | Learned a level 3 spell: Call Canine Familiar
  3602 | D:3      | Found a shattered altar of Ashenzari.
  3733 | D:3      | Found a radiant altar of Vehumet.
  4169 | D:4      | Reached skill level 5 in Summonings
  4277 | D:4      | Reached XP level 5. HP: 17/21 MP: 3/9
  4386 | D:4      | Noticed Ijyb
  4405 | D:4      | Paralysed by Ijyb for 6 turns
  4409 | D:4      | Killed Ijyb
  4593 | D:4      | Reached skill level 5 in Stealth
  4842 | D:4      | Found a staircase to the Ecumenical Temple.
  4852 | Temple   | Entered the Ecumenical Temple
  5203 | D:4      | Noticed Eustachio
  5224 | D:4      | Slain by Eustachio
  5225 | D:4      | Reached XP level 4. HP: -2/18 MP: 3/9
  5500 | D:5      | Entered Level 5 of the Dungeon
  5500 | D:5      | Noticed a sky beast
  5512 | D:5      | Found a snail-covered altar of Cheibriados.
  5513 | D:5      | Killed a sky beast
  5513 | D:5      | Reached XP level 5. HP: 21/21 MP: 1/10
  5514 | D:5      | Found Plog's Distillery.
  5523 | D:5      | Bought a potion of lignification for 42 gold pieces
  5523 | D:5      | Bought a potion of invisibility for 112 gold pieces
  5581 | D:5      | Slain by a crimson imp

Vault maps used:
D:1:      scummos_arrival_hexagon, kennysheep_doodads
D:2:      chequers_jeans, chequers_serial_rivers_micro_a,
          makhleb_heckhound_becter, uniq_robin, uniq_jessica
D:3:      lemuel_coloured_pillars_altar, evilmike_ruin_ashenzari
D:4:      minmay_temple_entry_stoned_glass, first_ration,
          minmay_misc_feat_columns, hangedman_decor_opposing, uniq_eustachio,
          uniq_ijyb
D:5:      nicolae_ru_great_annihilating_truth, cheibriados_altar_1,
          serial_shops, shop, uniq_blork_the_orc
Temple:   eino_temple_water

Skill      XL: |  1  2  3  4  5 |
---------------+----------------+-----
Stealth        | 3 4 5 |  5.3
Dodging        | 3 4 |  4.1
Summonings     | 5 |  5.4
Spellcasting   | |  2.8

Action                   |  1- 3 |  4- 6 || total
-------------------------+-------+-------++-------
Melee: Unarmed           |    99 |   126 ||   225
       Bite              |    11 |     3 ||    14
 Cast: Summon Small Mamm |    24 |     3 ||    27
       Call Imp          |    17 |    33 ||    50
       Call Canine Famil |       |     5 ||     5
  Use: Scroll            |     1 |     3 ||     4
       Potion            |       |     2 ||     2
 Stab: Sleeping          |     3 |     4 ||     7
       Distracted        |     1 |       ||     1
  Eat: Chunk             |    12 |     7 ||    19
Armor: Skin              |     5 |    15 ||    20
Dodge: Dodged            |    94 |   123 ||   217

Table legend:
 A = Non-vault XP
 B = Vault XP
 C = Vault XP percentage of total XP
 D = Non-vault monster count
 E = Vault monster count
 F = Vault count percentage of total count
                 A         B        C        D         E       F
            +---------+---------+-------+---------+---------+-------
      Total |     282 |      79 |  21.9 |      68 |      15 |  18.1
            +---------+---------+-------+---------+---------+-------
        D:1 |      46 |       0 |   0.0 |      31 |       0 |   0.0
        D:2 |      21 |      61 |  74.4 |      14 |      14 |  50.0
        D:3 |      35 |       0 |   0.0 |      11 |       0 |   0.0
        D:4 |     106 |      18 |  14.5 |       9 |       1 |  10.0
        D:5 |      74 |       0 |   0.0 |       3 |       0 |   0.0
            +---------+---------+-------+---------+---------+-------
